[Event "POL-chT 1st League 2020"]
[Site "Ustron"]
[Date "2020.09.12"]
[Round "8.6"]
[White "Starosta, Martyna"]
[Black "Marcinczyk, Monika"]
[Result "0-1"]
[ECO "B38"]
[WhiteElo "2038"]
[BlackElo "1934"]
[Annotator "NA"]
[PlyCount "98"]
[EventDate "2020.09.05"]
[EventType "team-tourn"]
[EventCountry "POL"]
[SourceTitle "playchess.com"]
[Source "ChessBase"]
[SourceQuality "1"]
[WhiteTeam "UKS RODLO Opole"]
[BlackTeam "SSz Gminy Pawlowice"]
[TimeControl "40/5400+30:1800+30"]

1. e4 c5 2. Nf3 Nc6 3. d4 cxd4 4. Nxd4 g6 5. c4 Bg7 6. Be3 Nf6 7. Nc3 O-O 8. Be2 d6 9. f3 Bd7 10. Qd2 Nxd4 11. Bxd4 a5 {[%emt 0:00:06] outshines the older 11...Bc6. B38: Sicilian: Maroczy Bind with 5...Bg7 and 7...0-0.} 12. g4 Bc6 13. O-O-O {[%emt 0:00:32] [#]} Qc7 $146 ({Predecessor:} 13... a4 14. h4 Qa5 15. h5 Rfc8 16. Kb1 Bd7 17. hxg6 hxg6 18. Bxf6 Bxf6 19. Nd5 Qxd2 20. Rxd2 {1-0 (31) Srija,S (2306)-Dhyana,P (1900) Managiri 2019}) 14. Kb1 Rfd8 15. Qe3 Rd7 16. h4 e6 17. Bb6 Qc8 18. h5 Ne8 19. hxg6 fxg6 20. c5 dxc5 21. Qxc5 Nf6 22. Bc4 Qe8 23. Bxa5 b5 24. Bb3 Rxa5 25. e5 Bxf3 26. exf6 Rxd1+ 27. Rxd1 Bxd1 28. Qc7 Bxf6 29. Ne4 Bd8 30. Bxe6+ Qxe6 31. Qxd8+ Kg7 32. Qd4+ Kf8 33. Qh8+ Qg8 34. Qf6+ Qf7 35. Qh8+ $11 Ke7 36. Qe5+ Qe6 37. Qg7+ Kd8 38. Qd4+ Kc7 39. Qc5+ Qc6 40. Qe5+ Kb7 41. Qe7+ Kb6 42. Qd8+ Ka6 43. Nc5+ Qxc5 44. Qa8+ Kb6 45. Qb8+ Kc6 46. Qe8+ Kb7 47. Qd7+ Qc7 48. Qd5+ Qc6 49. Qf7+ Ka6 0-1

[Event "POL-chT 1st League 2020"]
[Site "Ustron"]
[Date "2020.09.12"]
[Round "8.12"]
[White "Kucharska, Honorata"]
[Black "Wikar, Martyna"]
[Result "1/2-1/2"]
[ECO "A46"]
[WhiteElo "2237"]
[BlackElo "2045"]
[Annotator "ChessBase"]
[PlyCount "53"]
[EventDate "2020.09.05"]
[EventType "team-tourn"]
[EventCountry "POL"]
[SourceTitle "playchess.com"]
[Source "ChessBase"]
[SourceQuality "1"]
[WhiteTeam "MKSz Rybnik"]
[BlackTeam "LKSz GCKiP Czarna"]
[TimeControl "40/5400+30:1800+30"]

1. d4 Nf6 2. Nf3 e6 3. g3 c5 4. Bg2 Nc6 5. O-O d5 6. c4 dxc4 7. dxc5 Qxd1 8. Rxd1 Bxc5 9. Nbd2 Ng4 10. Ne4 Be7 11. h3 Nf6 12. Ned2 c3 13. bxc3 O-O 14. c4 Rd8 15. Bb2 a5 16. Ne5 Bd7 17. Nb3 a4 18. Nxd7 Nxd7 19. Nd4 Na5 20. Bc3 Nc5 21. Bxa5 Rxa5 22. Nb5 Raa8 23. Rab1 g6 24. Bf3 Kg7 25. Kg2 Rxd1 26. Rxd1 Rc8 27. h4 1/2-1/2

[Event "POL-chT 1st League 2020"]
[Site "Ustron"]
[Date "2020.09.12"]
[Round "8.16"]
[White "Flis, Jacek"]
[Black "Kokoszczynski, Jan"]
[Result "1/2-1/2"]
[ECO "A07"]
[WhiteElo "2214"]
[BlackElo "2231"]
[Annotator "NA"]
[PlyCount "76"]
[EventDate "2020.09.05"]
[EventType "team-tourn"]
[EventCountry "POL"]
[SourceTitle "playchess.com"]
[Source "ChessBase"]
[SourceQuality "1"]
[WhiteTeam "SEMPAI UKS HETMAN Cz."]
[BlackTeam "KS LAURA Chylice"]
[TimeControl "40/5400+30:1800+30"]

1. g3 d5 2. Bg2 c6 3. Nf3 Nf6 4. O-O Bg4 5. d3 Nbd7 6. Nbd2 e5 7. e4 dxe4 8. dxe4 Bc5 9. Qe2 O-O {[%emt 0:00:33] A07: Réti Opening: New York and Capablanca Systems.} 10. h3 Bh5 11. Kh2 Re8 {[%emt 0:01:17] [#]} 12. Nb3 $146 ({Predecessor:} 12. c3 a5 13. b3 b5 14. a3 Qb6 15. g4 Bg6 16. Nh4 Nf8 17. Nf5 Ne6 18. Nf3 {½-½ (41) Koskinen,V (1967)-Jantti,P (2119) Jyvaskyla 2008}) 12... Bf8 13. Rd1 Qc7 14. g4 Bg6 15. Nh4 Nc5 16. Nxg6 hxg6 17. Nxc5 Bxc5 18. Be3 Qb6 19. Bxc5 Qxc5 20. Rd3 Rad8 21. Rad1 Rxd3 22. Rxd3 Qb6 23. c3 Rd8 24. Rd2 Nh7 25. Qd1 Rxd2 26. Qxd2 Nf8 27. Bf1 Qc5 28. b4 Qe7 29. Bc4 g5 30. Qe3 b6 31. Qf3 $1 g6 32. Kg2 Nd7 33. Qe3 Kg7 34. Bb3 Qf6 35. Qd2 Qe7 $11 36. Qe3 a6 37. Qd3 b5 38. c4 Nf8 1/2-1/2

[Event "POL-chT 1st League 2020"]
[Site "Ustron"]
[Date "2020.09.12"]
[Round "8.17"]
[White "Praczukowski, Stanislaw"]
[Black "Kaliszuk, Kamil"]
[Result "1-0"]
[ECO "B12"]
[WhiteElo "2173"]
[BlackElo "1962"]
[Annotator "ChessBase"]
[PlyCount "79"]
[EventDate "2020.09.05"]
[EventType "team-tourn"]
[EventCountry "POL"]
[SourceTitle "playchess.com"]
[Source "ChessBase"]
[SourceQuality "1"]
[WhiteTeam "KS LAURA Chylice"]
[BlackTeam "SEMPAI UKS HETMAN Cz."]
[BlackTeamCountry "POL"]
[TimeControl "40/5400+30:1800+30"]

1. e4 c6 2. d4 d5 3. e5 Bf5 4. Nd2 e6 5. Nb3 Nd7 6. Nf3 Ne7 7. Be2 Ng6 8. O-O f6 9. Ne1 h5 10. f4 h4 11. Bg4 Ne7 12. Bxf5 Nxf5 13. Qe2 Qe7 14. Bd2 O-O-O 15. Nd3 Qf7 16. Bb4 Bxb4 17. Nxb4 Nb6 18. c3 Nc4 19. Nc5 Rh6 20. b3 Nb6 21. a4 Na8 22. a5 Nc7 23. a6 b6 24. Nb7 Qe8 25. Nxd8 Kxd8 26. Nc2 Qh8 27. Qf3 Nb5 28. Ne3 Qh7 29. Nxf5 Qxf5 30. Rac1 Kd7 31. Qe3 Nc7 32. c4 Rh8 33. Qc3 Rc8 34. Qb4 Ne8 35. cxd5 exd5 36. Qf8 h3 37. Qf7+ Kd8 38. Qxa7 Qe4 39. Qxb6+ Nc7 40. Rf2 1-0

[Event "POL-chT 1st League 2020"]
[Site "Ustron"]
[Date "2020.09.12"]
[Round "8.18"]
[White "Lach, Aleksandra"]
[Black "Moscicka, Pola"]
[Result "1-0"]
[ECO "A05"]
[WhiteElo "2188"]
[BlackElo "1880"]
[Annotator "ChessBase"]
[PlyCount "99"]
[EventDate "2020.09.05"]
[EventType "team-tourn"]
[EventCountry "POL"]
[SourceTitle "playchess.com"]
[Source "ChessBase"]
[SourceQuality "1"]
[WhiteTeam "SEMPAI UKS HETMAN Cz."]
[BlackTeam "KS LAURA Chylice"]
[TimeControl "40/5400+30:1800+30"]

1. Nf3 Nf6 2. c4 c5 3. g3 Nc6 4. Bg2 g6 5. b3 Bg7 6. Bb2 O-O 7. O-O d6 8. Na3 e5 9. d3 h6 10. Nd2 Be6 11. Qc1 Qd7 12. Ne4 Ne8 13. f4 f5 14. Nf2 Rc8 15. Nb5 Nf6 16. Bxc6 bxc6 17. Nxd6 exf4 18. Nxc8 fxg3 19. hxg3 Qxc8 20. Kg2 g5 21. Rh1 Qd7 22. Bxf6 Rxf6 23. Qd2 Rg6 24. Raf1 Be5 25. Qe3 Qd6 26. b4 cxb4 27. Qxa7 Bxg3 28. Nd1 Bh4 29. Qe3 c5 30. Qf3 Kg7 31. Ne3 Bd7 32. Nd5 f4 33. e3 Bf5 34. e4 Be6 35. Rxh4 gxh4+ 36. Kh2 Bxd5 37. cxd5 Rf6 38. Re1 Qe5 39. Rg1+ Kf7 40. Qg4 f3+ 41. Kh3 Ke7 42. Qc8 Rf8 43. Qxc5+ Ke8 44. Qc6+ Kd8 45. Qa8+ Ke7 46. Qb7+ Ke8 47. Rg7 Qxg7 48. Qxg7 f2 49. Qxf8+ Kxf8 50. Kg2 1-0

[Event "POL-chT 1st League 2020"]
[Site "Ustron"]
[Date "2020.09.12"]
[Round "8.27"]
[White "Budrewicz, Krzysztof"]
[Black "Bronowicki, Mateusz"]
[Result "1-0"]
[ECO "A44"]
[WhiteElo "2227"]
[BlackElo "2243"]
[Annotator "ChessBase"]
[PlyCount "64"]
[EventDate "2020.09.05"]
[EventType "team-tourn"]
[EventCountry "POL"]
[SourceTitle "playchess.com"]
[Source "ChessBase"]
[SourceQuality "1"]
[WhiteTeam "Gostmat Gostynin"]
[BlackTeam "Bialy Krol Wisznia Mala"]
[TimeControl "40/5400+30:1800+30"]

1. d4 c5 2. d5 e5 3. e4 d6 4. Nc3 a6 5. a4 Be7 6. Be2 Bg5 7. Nf3 Bxc1 8. Qxc1 Bg4 9. Nd2 Bxe2 10. Nxe2 Nh6 11. O-O O-O 12. Nc4 f5 13. f4 fxe4 14. fxe5 Rxf1+ 15. Qxf1 Nd7 16. Nc3 Qf6 17. a5 Qh4 18. Qe1 Qxe1+ 19. Rxe1 Nf6 20. Nb6 Re8 21. Nca4 Nf5 22. Nxc5 h6 23. b3 Re7 24. Nca4 Nd4 25. b4 e3 26. exd6 Rf7 27. Nc3 Nxc2 28. Re2 Nxb4 29. d7 h5 30. g4 Kh7 31. g5 Kh8 32. g6 Rf8 1-0

[Event "POL-chT 1st League 2020"]
[Site "Ustron"]
[Date "2020.09.12"]
[Round "8.30"]
[White "Przezdziecka, Ewa"]
[Black "Dwilewicz, Katarzyna"]
[Result "1/2-1/2"]
[ECO "A46"]
[WhiteElo "2166"]
[BlackElo "2134"]
[Annotator "ChessBase"]
[PlyCount "137"]
[EventDate "2020.09.05"]
[EventType "team-tourn"]
[EventCountry "POL"]
[SourceTitle "playchess.com"]
[Source "ChessBase"]
[SourceQuality "1"]
[WhiteTeam "Bialy Krol Wisznia Mala"]
[BlackTeam "Gostmat Gostynin"]
[TimeControl "40/5400+30:1800+30"]

1. d4 Nf6 2. Nf3 e6 3. c4 d5 4. e3 Be7 5. b3 O-O 6. Bb2 c5 7. Nbd2 cxd4 8. Nxd4 dxc4 9. Bxc4 a6 10. O-O b5 11. Be2 Bb7 12. Bf3 Ra7 13. Bxb7 Rxb7 14. N2f3 Qb6 15. Qe2 Rc7 16. Rac1 Rfc8 17. h3 h6 18. Rxc7 Rxc7 19. Rc1 Nbd7 20. Rxc7 Qxc7 21. Qc2 Qxc2 22. Nxc2 Nd5 23. Kf1 f6 24. Nfd4 Kf7 25. Ke2 Bd8 26. Nc6 Bb6 27. N6b4 Nxb4 28. Nxb4 Nb8 29. a3 Ke7 30. Nc2 Nc6 31. b4 Kd6 32. f4 e5 33. Kd3 exf4 34. exf4 Kd5 35. g4 Bf2 36. Bc1 g6 37. Ne3+ Bxe3 38. Bxe3 f5 39. Bf2 Nd8 40. gxf5 gxf5 41. Ba7 Ne6 42. Bb8 Nd4 43. Ba7 Nc6 44. Bb6 Nb8 45. Ba7 Nd7 46. Bd4 h5 47. Ba7 Nf6 48. Bd4 Ne4 49. Ba7 Nd6 50. Bb8 Nc4 51. Ba7 Nxa3 52. Bb6 Nc4 53. Bc7 Nd6 54. Bb8 Nc8 55. Be5 Ne7 56. Bc3 Nc6 57. Be1 Nd4 58. Bf2 Ne6 59. Be3 Kc6 60. Bd2 Kd5 61. Be3 Nd8 62. Bd2 Nc6 63. Be1 Kd6 64. Bd2 Kc7 65. Be1 Kb7 66. Bd2 Kc7 67. Be1 Kd6 68. Bd2 Kd5 69. Be1 1/2-1/2